 Dungeon Crawl Stone Soup version 0.24-a0-251-g44e327e (webtiles) character file.

Game seed: 17920051632720858887

1474 Borgoz the Slicer (level 9, 0/85 HPs)
             Began as a Kobold Gladiator on Apr 16, 2019.
             Slain by an orc warrior
             ... wielding a +0 flail
              (4 damage)
             ... on level 6 of the Dungeon.
             The game lasted 00:06:53 (5530 turns).

Borgoz the Slicer (Kobold Gladiator)                Turns: 5530, Time: 00:06:54

Health: 0/85       AC: 24    Str: 15    XL:     9   Next: 6%
Magic:  9/9        EV:  3    Int: 19    God:
Gold:   254        SH:  0    Dex: 16    Spells: 8/8 levels left

rFire    . . .     SeeInvis .   b - +0 dagger (drain)
rCold    . . .     Gourm    .   (shield restricted)
rNeg     + + +     Faith    .   (armour currently unavailable)
rPois    +         Spirit   .   (helmet currently unavailable)
rElec    .         Reflect  .   (cloak currently unavailable)
rCorr    .         Harm     .   (gloves currently unavailable)
MR       +....     NoTele   +   (boots currently unavailable)
Stlth    +++.......             (no amulet)
HPRegen  0.24/turn              g - +5 ring of intelligence
MPRegen  0.11/turn              m - ring of protection from magic

@: brilliant, tree-form
A: small, carnivore
a: no special abilities


You were on level 6 of the Dungeon.
You were very full.
You were a tree.
You visited 1 branch of the dungeon, and saw 6 of its levels.

You collected 254 gold pieces.

Inventory:

Hand Weapons
 a - a +2 dagger of venom
 b - a +0 dagger of draining (weapon)
 p - a +0 rapier
 v - a +0 short sword of speed
Missiles
 t - a throwing net (quivered)
Armour
 c - a +0 helmet (melded)
 l - a +0 leather armour
 u - a +0 pair of gloves
 w - +0 storm dragon scales (melded)
Jewellery
 g - a +5 ring of intelligence (left branch)
 m - a ring of protection from magic (right branch)
 n - an uncursed ring of positive energy
 x - a cursed -2 ring of evasion {unknown}
Wands
 d - a wand of flame (20)
 z - a wand of random effects (17)
Scrolls
 h - 2 scrolls of amnesia {unknown}
 i - 2 scrolls of enchant weapon {unknown}
 j - 6 scrolls of identify {unknown}
 k - 2 scrolls of fear {unknown}
 o - 4 scrolls of enchant armour {unknown}
 y - a scroll of fog {unknown}
 A - a scroll of teleportation {unknown}
Potions
 s - a potion of might
Comestibles
 f - 13 rations


   Skills:
 + Level 7.3 Fighting
 + Level 9.3 Short Blades
 - Level 2.1 Throwing
 + Level 5.2 Armour
 + Level 8.5 Dodging
 + Level 5.0 Stealth


You had 8 spell levels left.
You didn't know any spells.
Your spell library was empty.

Dungeon Overview and Level Annotations

Branches:
Dungeon (6/15)             Temple (0/1) D:6

Altars:
Cheibriados
Dithmenos
Elyvilon
Gozag
Nemelex Xobeh
Okawaru
Sif Muna
Yredelemnul

Shops:
D:5 [


Innate Abilities, Weirdness & Mutations

You are small and have problems with some larger weapons.
You are carnivorous and can eat meat at any time.


Message History

Beogh smites you!
* * * LOW HITPOINT WARNING * * *
You hit the orc priest.
You kill the orc priest!
The orc warrior hits you but does no damage.
The orc hits you but does no damage.
You cannot move.
You closely miss the orc. The hound bites you but does no damage.
You hit the orc. You drain the orc.
You kill the orc!
The orc warrior barely misses you.
You cannot move.
You miss the hound. The hound bites you but does no damage.
You hit the hound but do no damage. The hound bites you but does no damage.
The orc warrior hits you but does no damage.
You hit the hound but do no damage. The hound bites you but does no damage.
It was a potion of flight.
Your roots keep you in place.
The hound bites you but does no damage.
The orc warrior hits you with a +0 flail.
You die...

..# ... .....#.#.## #
............### .. # .
.$.#.8.#...# ##.# #.
..#.......#.. .... ..
...#...8.>.8...#
###.##.# ....#.......# .
...#.. ......#)8.#...#
#.#.# #.o♣)...# #...#
#.h#.#.....
#...####+##..........
####.............#......
......>......$.#........
.....#.........<........
......############......
......# ...... ....).#
....


You could see an orc warrior and a hound.

Vanquished Creatures
  Grinder (D:4)
  Duvessa (D:4)
  A sky beast (D:5)
  2 ogres
  A phantom (D:6)
  A bullfrog (D:6)
  Dowan (D:4)
  A scorpion (D:5)
  A howler monkey (D:6)
  2 crimson imps (D:5)
  A hound (D:4)
  2 orc priests (D:6)
  3 orc wizards (D:5)
  A bullfrog skeleton (D:6)
  An iguana (D:5)
  2 worker ants
  A hound skeleton (D:4)
  8 gnolls (D:3)
  7 adders
  A shadow imp (D:6)
  2 oozes (D:2)
  An adder skeleton (D:5)
  2 adder zombies (D:5)
  A worm (D:4)
  5 dart slugs
  4 leopard geckos
  14 orcs
  10 bats
  7 giant cockroaches
  2 gnoll zombies (D:2)
  9 goblins
  7 hobgoblins
  4 jackals (D:3)
  2 quokkas
  A ball python (D:3)
  5 frilled lizards
  A giant cockroach zombie (D:5)
  6 kobolds
  A quokka skeleton (D:5)
  6 rats
129 creatures vanquished.

Notes
Turn   | Place    | Note
-------+----------+-------------------------------------------
     0 | D:1      | Borgoz the Kobold Gladiator began the quest for the Orb.
     0 | D:1      | Reached XP level 1. HP: 12/12 MP: 1/1
    27 | D:1      | Reached XP level 2. HP: 18/18 MP: 2/2
   150 | D:1      | Reached skill level 1 in Stealth
   461 | D:1      | Reached XP level 3. HP: 22/22 MP: 3/3
  1077 | D:2      | Reached skill level 8 in Short Blades
  1077 | D:2      | Reached XP level 4. HP: 13/32 MP: 4/4
  1110 | D:2      | HP: 1/32 [poisoned by an adder]
  1806 | D:2      | Reached XP level 5. HP: 35/37 MP: 5/5
  1810 | D:2      | Found a basalt altar of Yredelemnul.
  2352 | D:3      | Found a white marble altar of Elyvilon.
  2492 | D:3      | Reached XP level 6. HP: 38/42 MP: 6/6
  3473 | D:4      | Found a sparkling altar of Nemelex Xobeh.
  3473 | D:4      | Found an opulent altar of Gozag.
  3600 | D:4      | Noticed Dowan
  3601 | D:4      | Found a shadowy altar of Dithmenos.
  3601 | D:4      | Noticed Duvessa
  3602 | D:4      | Found a snail-covered altar of Cheibriados.
  3615 | D:4      | Killed Duvessa
  3615 | D:4      | Reached XP level 7. HP: 28/47 MP: 7/7
  3619 | D:4      | Killed Dowan
  3798 | D:4      | Found an iron altar of Okawaru.
  3809 | D:4      | Noticed Grinder
  3834 | D:4      | Killed Grinder
  4127 | D:4      | Reached XP level 8. HP: 52/52 MP: 8/8
  4235 | D:5      | Entered Level 5 of the Dungeon
  4492 | D:5      | Found Fyfebizo's Antique Armour Shop.
  4534 | D:5      | Found a deep blue altar of Sif Muna.
  4690 | D:5      | Reached skill level 9 in Short Blades
  4728 | D:5      | Reached skill level 5 in Armour
  5340 | D:6      | Reached XP level 9. HP: 33/57 MP: 9/9
  5507 | D:6      | Found a staircase to the Ecumenical Temple.
  5516 | D:6      | Reached skill level 5 in Stealth
  5523 | D:6      | HP: 3/85 [orc priest/divine providence (13)]
  5530 | D:6      | Slain by an orc warrior

Levels and vault maps discovered:
D:1:      elethiomel_arrival_infinity_welcomes_careful_drivers, layout_basic
D:2:      layout_basic, lemuel_zombie_altar_yredelemnul
D:3:      layout_basic, elyvilon_altar_5
D:4:      minmay_diamond_boxcup, layout_basic, grunt_temple_overflow_opulence,
          nicolae_overflow_crystal_walls,
          chequers_temple_overflow_statue_of_worship, first_ration,
          uniq_grinder, uniq_duvessa
D:5:      layout_basic, overflow_temple_1_default, serial_shops, shop,
          hangedman_decor_diamond_cutter, chequers_serial_rivers_micro_b
D:6:      layout_basic, kennysheep_mini, kennysheep_little_box,
          minmay_temple_entry_sparse_star

Skill      XL: |  1  2  3  4  5  6  7  8  9 |
---------------+----------------------------+-----
Stealth        | 1 2 3 4 5 |  5.0
Dodging        | 7 8 |  8.5
Fighting       | 6 7 |  7.3
Short Blades   | 8 9 |  9.3
Armour         | 4 5 |  5.2
Throwing       | |  2.1

Action                   |  1- 3 |  4- 6 |  7- 9 || total
-------------------------+-------+-------+-------++-------
Melee: Rapier            |    82 |    13 |       ||    95
       Dagger            |       |   176 |   345 ||   521
Throw: Throwing net      |       |     5 |     2 ||     7
  Use: Potion            |     1 |     1 |     3 ||     5
 Stab: Sleeping          |     5 |     4 |     5 ||    14
       Held in net/web   |       |     1 |     1 ||     2
  Eat: Chunk             |     3 |    11 |     8 ||    22
Armor: Leather armour    |    23 |    19 |     4 ||    46
       Storm dragon scal |       |       |    44 ||    44
       Skin              |       |       |     8 ||     8
Dodge: Dodged            |    61 |   158 |   121 ||   340

Table legend:
 A = Non-vault XP
 B = Vault XP
 C = Vault XP percentage of total XP
 D = Non-vault monster count
 E = Vault monster count
 F = Vault count percentage of total count
                 A         B        C        D         E       F
            +---------+---------+-------+---------+---------+-------
      Total |    1486 |     562 |  27.4 |     120 |       9 |   7.0
            +---------+---------+-------+---------+---------+-------
        D:1 |      46 |       0 |   0.0 |      22 |       0 |   0.0
        D:2 |      41 |       4 |   8.9 |      12 |       2 |  14.3
        D:3 |     224 |       0 |   0.0 |      42 |       0 |   0.0
        D:4 |     114 |     558 |  83.0 |       6 |       7 |  53.8
        D:5 |     638 |       0 |   0.0 |      25 |       0 |   0.0
        D:6 |     423 |       0 |   0.0 |      13 |       0 |   0.0
            +---------+---------+-------+---------+---------+-------
